 Dungeon Crawl Stone Soup version 0.27-a0-1200-g94dc6ad4cf (webtiles) character file.

Game seed: 2413438128814919227

69025 flotson the Fighter (level 14, -13/112 (113) HPs)
             Began as a Demonspawn Gladiator on May 31, 2021.
             Was an Initiate of Gozag.
             Killed from afar by an orc sorcerer (37 damage)
             ... with a bolt of fire
             ... while paralysed by an orc sorcerer
             ... on level 2 of the Orcish Mines.
             The game lasted 00:58:34 (33248 turns).

flotson the Fighter (Demonspawn Gladiator)         Turns: 33248, Time: 00:58:37

HP:   -13/112 (113) AC: 15    Str: 18    XL:     14   Next: 88%
MP:   14/14         EV:  2    Int: 10    God:    Gozag
Gold: 4081          SH:  0    Dex: 22    Spells: 13/13 levels left

rFire    . . .     SeeInvis .   a - +4 demon trident
rCold    + . .     Faith    .   S - +0 tower shield {reflect}
rNeg     + . .     Spirit   .   k - +2 scale mail {rC+}
rPois    .         Reflect  +   (helmet unavailable)
rElec    .         Harm     .   n - +2 cloak
rCorr    .         Rampage  .   g - +0 pair of gloves
Will     +....                  (no boots)
Stlth    ..........             (no amulet)
HPRegen  0.28/turn              z - ring of positive energy
MPRegen  0.14/turn              O - +6 ring of dexterity

@: paralysed, lightly drained
A: horns 3, large bone plates 1, icemail 1, powered by pain 2, condensation
shield
a: Renounce Religion, Potion Petition, Call Merchant, Bribe Branch


You were on level 2 of the Orcish Mines.
You worshipped Gozag.
Gozag was most pleased with you.
You visited 3 branches of the dungeon, and saw 19 of its levels.
You also visited: Volcano.

You collected 5488 gold pieces.
You spent 1376 gold pieces at shops.
You paid 31 gold pieces to Gozag.

Inventory:

Hand Weapons
 a - a +4 demon trident (weapon)
Missiles
 b - 7 boomerangs
 d - a throwing net
 r - 34 poisoned darts
 s - 2 curare-tipped darts (quivered)
 E - 2 javelins
Armour
 g - a +0 pair of gloves (worn)
 k - a +2 scale mail of cold resistance (worn)
 n - a +2 cloak (worn)
 Q - the +2 ring mail of Gojot {Harm rF+ Str+3}
   (You found it on level 6 of the Lair of Beasts)

   It affects your strength (+3).
   It protects you from fire.
   It increases damage dealt and taken.
 S - a +0 tower shield of reflection (worn)
Jewellery
 z - a ring of positive energy (left hand)
 I - a ring of flight
 K - a ring of resist corrosion
 O - a +6 ring of dexterity (right hand)
Wands
 h - a wand of charming (11)
 j - a wand of flame (7)
 t - a wand of paralysis (10)
 y - a wand of iceblast (13)
Scrolls
 e - 4 scrolls of enchant weapon
 m - a scroll of torment {unknown}
 o - 3 scrolls of silence
 q - 2 scrolls of acquirement
 u - 7 scrolls of teleportation
 v - 2 scrolls of immolation
 w - 2 scrolls of enchant armour {unknown}
 C - 2 scrolls of vulnerability {unknown}
 D - a scroll of brand weapon {unknown}
 H - 4 scrolls of fog
 L - 2 scrolls of holy word
 M - 2 scrolls of blinking
 P - a scroll of fear {unknown}
Potions
 f - 2 potions of haste
 i - 3 potions of cancellation
 l - a potion of experience
 A - 2 potions of flight
 B - a potion of attraction
 F - 6 potions of curing
 G - a potion of lignification
 J - a potion of invisibility
 N - 3 potions of might
 R - a potion of berserk rage
Miscellaneous
 x - a tin of tremorstones (2/2)


   Skills:
 + Level 11.2 Fighting
 - Level 10.2(11.1) Axes
 + Level 6.9(9.7) Polearms
 - Level 2.7(5.2) Staves
 - Level 6.0 Throwing
 + Level 10.0 Armour
 + Level 10.5 Dodging
 + Level 9.9 Shields
 - Level 6.0 Evocations


You had 13 spell levels left.
You didn't know any spells.
Your spell library contained the following spells:

 Spells                   Type           Power      Damage    Failure   Level
 Corona                   Hex            0%         N/A       100%        1
 Foxfire                  Conj/Fire      0%         2x1d4     100%        1
 Slow                     Hex            0%         N/A       100%        2
 Conjure Flame            Conj/Fire      0%         6-21      100%        3
 Ignite Poison            Fire/Tmut/Pois 0%         N/A       100%        3
 Inner Flame              Hex/Fire       0%         N/A       100%        3
 Portal Projectile        Hex/Tloc       0%         N/A       100%        3
 Animate Dead             Necr           0%         N/A       100%        4
 Cause Fear               Hex            0%         N/A       100%        4
 Leda's Liquefaction      Hex/Erth       0%         N/A       100%        4
 Sticky Flame             Conj/Fire      0%         2d3       100%        4
 Borgnjor's Vile Clutch   Necr/Erth      0%         N/A       100%        5
 Fireball                 Conj/Fire      0%         3d3       100%        5
 Death Channel            Necr           0%         N/A       100%        6
 Simulacrum               Ice/Necr       0%         N/A       100%        6
 Starburst                Conj/Fire      0%         8x6d3     100%        6
 Ignition                 Fire           0%         3d3       100%        8


Dungeon Overview and Level Annotations

Branches:
Dungeon (11/15)            Temple (0/1) D:4            Lair (6/6) D:8
 Shoals (0/4) Lair:3       Spider (0/4) Lair:4        Slime (0/5) Lair:5
    Orc (2/2) D:11        Volcano (visited)
    Elf: Orc:2

Altars:
Dithmenos
Elyvilon
Fedhas
Gozag
Kikubaaqudgha
Nemelex Xobeh
Trog
Vehumet
Yredelemnul
Zin

Shops:
Orc:2 *[=?


Innate Abilities, Weirdness & Mutations

You have a pair of large horns on your head.
You are partially covered in large bone plates. (SH +4)
A meltable icy envelope protects you from harm. (AC +0)
You sometimes gain power by taking damage.
A meltable shield of frost defends you. (SH +0)


Message History

The orc sorcerer is severely wounded.
You block the orc's attack. You block the orc sorcerer's attack.
The river rat becomes distracted by the nearby gold, dreaming of imaginary riches.
You block the orc warrior's attack.
You closely miss the orc sorcerer.
The orc sorcerer is severely wounded.
The orc hits you but does no damage.
The orc sorcerer jeers noisily.
You block the orc sorcerer's attack. You block the orc warrior's attack.
You hit the orc sorcerer.
The orc sorcerer is severely wounded.
You block the orc's attack.
The orc sorcerer mumbles some strange words.
The orc warrior barely misses you.
You barely miss the orc sorcerer. Your headbutt misses the orc sorcerer.
The orc sorcerer is severely wounded.
The orc sorcerer barely misses you. You block the orc warrior's attack.
The orc sorcerer points at you and mumbles some strange words.
You suddenly lose the ability to move!
The orc warrior hits you but does no damage. x2
The orc sorcerer mumbles some strange words.
The river rat is no longer distracted by gold.
The orc warrior hits you with a +0 war axe!
The orc warrior hits you with a +0 halberd.
* * * LOW HITPOINT WARNING * * *
The orc sorcerer howls an incantation.
You feel disoriented.
The orc sorcerer hits you with a +0 dagger.
* * * LOW HITPOINT WARNING * * *
The orc warrior hits you but does no damage. x2
The orc sorcerer's eyes start to glow.
The orc sorcerer hits you but does no damage.
The orc warrior hits you but does no damage.
The orc warrior hits you with a +0 halberd!
* * * LOW HITPOINT WARNING * * *
The orc sorcerer points at you and mumbles some strange words.
The bolt of fire hits you!!!
Your icy defenses dissipate!
You die...
Your body crumbles into a pile of gold.

. ........# $
...........####
...........#.#.#####
#....##.........##.##
#.............##...##
.#.............#.#.#.##
.#............#.or4...#
.#........##.##ooo4..## $
.#.......#######@#.##.##.#
.#....#...#...####o#.....#
....####.......##.o.#
.....###......#.#..3#
..).......####......$#
.#.......## #...#....$.
.#..#....#####.......o...
.#..##......###.#......O..o
.#...........###.......3...


You could see 2 chaos spawn, an orc sorcerer, 2 orc warriors, a river rat and an
orc.

Vanquished Creatures
  11 hydras
  Fannar (Lair:2)
  2 boulder beetles
  Harold (D:9)
  A catoblepas (Lair:6)
  12 death yaks
  An orc high priest (Orc:1)
  A hell knight (Volcano)
  Pikel (D:7)
  4 lindwurms
  An orc knight (Orc:2)
  3 orc sorcerers
  4 oklob plants (Lair:5)
  2 manticores (Lair:6)
  2 salamanders (Volcano)
  3 cyclopes
  8 elephants
  A centaur zombie (D:10)
  A black mamba (Lair:2)
  2 torpor snails
  Maurice (D:8)
  16 cane toads
  2 molten gargoyles (Volcano)
  2 gargoyles (Volcano)
  9 komodo dragons
  An efreet (Volcano)
  Psyche (D:9)
  Maggie (D:8)
  6 rime drakes
  A wandering mushroom (Lair:5)
  A troll (D:11)
  A hornet (Lair:3)
  5 polar bears (Lair:5)
  Prince Ribbit (D:7)
  19 blink frogs
  7 dream sheep
  3 wyverns
  40 yaks
  3 basilisks
  A steam dragon (D:10)
  Grum (D:8)
  2 wargs
  Menkaure (D:5)
  13 water moccasins
  13 orc warriors
  A sky beast (D:5)
  A black bear (D:7)
  An ice beast (D:6)
  30 wolves
  7 centaurs
  3 ogres
  A phantom (D:5)
  2 kobold brigands
  15 bullfrogs
  A scorpion (D:6)
  A wyvern skeleton (D:6)
  A ballistomycete (Lair:5)
  5 killer bees
  5 wights (D:7)
  A howler monkey (D:5)
  Crazy Yiuf (D:2)
  A jelly (D:7)
  21 orc priests
  2 centaur skeletons (D:5)
  3 hounds
  2 bullfrog skeletons
  Jessica (D:3)
  2 iguanas
  Terence (D:2)
  30 orc wizards
  2 killer bee zombies
  2 hound skeletons
  3 gnolls (D:5)
  4 adders
  A shadow imp (D:8)
  A white imp (D:6)
  An ufetubus (D:5)
  An adder skeleton (D:4)
  3 worms
  5 dart slugs (D:1)
  42 orcs
  8 endoplasms
  2 giant cockroaches
  4 goblins
  11 hobgoblins
  10 jackals
  17 kobolds
  3 quokkas
  11 ball pythons
  2 bats
  4 frilled lizards
  4 rats
  A spectral orc (D:8)
494 creatures vanquished.

Vanquished Creatures (collateral kills)
  A death yak (Lair:6)
  3 molten gargoyles (Volcano)
4 creatures vanquished.

Vanquished Creatures (others)
  Sonja (Lair:2)
  An orc knight (Volcano)
  2 cyclopes (Volcano)
  A wandering mushroom (Lair:5)
  A wyvern (Lair:5)
  2 ballistomycete spores (Lair:5)
  44 fungi
  85 plants
137 creatures vanquished.

Grand Total: 635 creatures vanquished

Notes
Turn   | Place    | Note
-------+----------+-------------------------------------------
     0 | D:1      | flotson the Demonspawn Gladiator began the quest for the
                  | Orb.
     0 | D:1      | Reached XP level 1. HP: 16/16 MP: 1/1
     1 | D:1      | Noticed an electric eel
   238 | D:1      | Gained mutation: You are partially covered in large bone
                  | plates. (SH +4) [demonic ancestry]
   238 | D:1      | Reached XP level 2. HP: 13/22 MP: 2/2
   820 | D:1      | Reached XP level 3. HP: 20/28 MP: 3/3
   917 | D:1      | Reached skill level 1 in Armour
  1085 | D:1      | Reached skill level 1 in Polearms
  1617 | D:2      | Noticed Terence
  1630 | D:2      | Killed Terence
  1932 | D:2      | Gained mutation: You sometimes gain a little power by
                  | taking damage. [demonic ancestry]
  1932 | D:2      | Reached XP level 4. HP: 34/34 MP: 4/4
  2085 | D:2      | Found a faded altar of an unknown god.
  2348 | D:2      | Found a runed translucent door.
  2362 | D:2      | Noticed Crazy Yiuf
  2684 | D:2      | Killed Crazy Yiuf
  2685 | D:2      | Reached skill level 3 in Fighting
  2815 | D:3      | Gained mutation: You have a pair of small horns on your
                  | head. [demonic ancestry]
  2815 | D:3      | Reached XP level 5. HP: 36/41 MP: 5/5
  2965 | D:3      | Noticed Jessica
  2975 | D:3      | Killed Jessica
  2976 | D:3      | Reached skill level 1 in Shields
  3741 | D:4      | Reached skill level 1 in Axes
  3741 | D:4      | Reached XP level 6. HP: 46/47 MP: 6/6
  4266 | D:4      | Found a blossoming altar of Fedhas.
  4348 | D:4      | Found an opulent altar of Gozag.
  4360 | D:4      | Became a worshipper of Gozag Ym Sagoz the Greedy
  4454 | D:4      | Found a staircase to the Ecumenical Temple.
  4617 | D:5      | Entered Level 5 of the Dungeon
  4882 | D:5      | Noticed Menkaure
  4939 | D:5      | Reached XP level 7. HP: 53/53 MP: 7/7
  4979 | D:5      | Killed Menkaure
  4980 | D:5      | Reached skill level 4 in Fighting
  5674 | D:5      | Found a shadowy altar of Dithmenos.
  6039 | D:6      | Gained mutation: A meltable shield of frost defends you.
                  | (SH +0) [demonic ancestry]
  6039 | D:6      | Reached XP level 8. HP: 60/61 MP: 8/8
  6735 | D:7      | Reached skill level 1 in Evocations
  7155 | D:7      | Reached skill level 5 in Fighting
  7171 | D:7      | Reached skill level 5 in Dodging
  7330 | D:7      | Noticed Prince Ribbit
  7535 | D:7      | Reached skill level 5 in Axes
  7833 | D:7      | Found an ancient bone altar of Kikubaaqudgha.
  7902 | D:7      | Found a bloodstained altar of Trog.
  8397 | D:7      | Killed Prince Ribbit
  8398 | D:7      | Gained mutation: You have a pair of horns on your head.
                  | [demonic ancestry]
  8398 | D:7      | Reached XP level 9. HP: 24/68 MP: 9/9
  8770 | D:7      | Found an ancient bone altar of Kikubaaqudgha.
  8783 | D:7      | Found a bloodstained altar of Trog.
  9075 | D:8      | Noticed Pikel
  9111 | D:7      | Killed Pikel
  9385 | D:8      | Noticed Maurice
  9837 | D:8      | Learned a level 1 spell: Corona
  9884 | D:8      | Killed Maurice
 10215 | D:8      | Noticed a komodo dragon
 10234 | D:8      | Killed a komodo dragon
 10235 | D:8      | Reached skill level 6 in Fighting
 10389 | D:8      | Noticed Maggie
 10400 | D:8      | Killed Maggie
 10441 | D:8      | Found a radiant altar of Vehumet.
 10455 | D:8      | Found a staircase to the Lair.
 10502 | D:8      | Noticed Grum
 10515 | D:8      | Reached XP level 10. HP: 53/76 MP: 10/10
 10521 | D:8      | Killed Grum
 10522 | D:8      | Reached skill level 5 in Armour
 10896 | D:8      | Found a basalt altar of Yredelemnul.
 11381 | D:9      | Reached skill level 5 in Shields
 12220 | D:10     | Entered Level 10 of the Dungeon
 12228 | D:10     | Noticed Harold
 12259 | D:9      | Killed Harold
 12260 | D:9      | Reached skill level 5 in Evocations
 12643 | D:10     | Noticed Psyche
 12713 | D:9      | Killed Psyche
 12714 | D:9      | Reached skill level 7 in Fighting
 13324 | Lair:1   | Entered Level 1 of the Lair of Beasts
 13328 | Lair:1   | Noticed a four-headed hydra
 13328 | Lair:1   | Noticed a cane toad
 13375 | D:8      | Killed a cane toad
 13376 | D:8      | Gained mutation: You have a pair of large horns on your
                  | head. [demonic ancestry]
 13376 | D:8      | Reached XP level 11. HP: 55/84 MP: 11/11
 13876 | D:8      | Killed a four-headed hydra
 15664 | Lair:1   | Noticed a seven-headed hydra
 15686 | Lair:1   | Killed a seven-headed hydra
 16346 | Lair:2   | Reached skill level 8 in Fighting
 16585 | Lair:2   | Found a dark tunnel.
 16590 | Volcano  | Entered a volcano
 16618 | Volcano  | Gained mutation: You sometimes gain power by taking damage.
                  | [demonic ancestry]
 16618 | Volcano  | Reached XP level 12. HP: 13/92 MP: 12/12
 17243 | Volcano  | Noticed an orb of fire
 18656 | Volcano  | Noticed an orb of fire
 19000 | Lair:2   | Noticed Fannar
 19098 | Lair:2   | Reached skill level 10 in Axes
 20681 | Lair:2   | Noticed Sonja
 20683 | Lair:2   | Noticed a six-headed hydra
 20692 | Lair:2   | Reached skill level 5 in Throwing
 20698 | Lair:2   | Your ally died
 20707 | Lair:1   | Killed a six-headed hydra
 20708 | Lair:1   | Reached skill level 9 in Fighting
 21174 | Lair:2   | Killed Fannar
 21301 | Lair:3   | Reached XP level 13. HP: 101/101 MP: 13/13
 21910 | Lair:3   | Found a staircase to the Shoals.
 23981 | Lair:4   | Found a hole to the Spider Nest.
 25156 | Lair:5   | Found a staircase to the Slime Pits.
 25208 | Lair:5   | Found a sparkling altar of Nemelex Xobeh.
 25747 | Lair:5   | Reached skill level 10 in Fighting
 25899 | Lair:5   | Reached skill level 5 in Polearms
 27193 | Lair:5   | Gained mutation: A meltable icy envelope protects you from
                  | harm. (AC +0) [demonic ancestry]
 27193 | Lair:5   | Reached XP level 14. HP: 49/110 MP: 14/14
 28293 | Lair:6   | Entered Level 6 of the Lair of Beasts
 29406 | Lair:6   | Reached skill level 10 in Dodging
 30634 | Lair:6   | HP: 4/111 [lindwurm/blast of flame (31)]
 31049 | Lair:6   | Identified the +2 ring mail of Gojot {Harm rF+ Str+3}
 31307 | D:11     | Reached skill level 11 in Fighting
 31524 | D:11     | Found a staircase to the Orcish Mines.
 31617 | Orc:1    | Entered Level 1 of the Orcish Mines
 31705 | Orc:2    | Entered Level 2 of the Orcish Mines
 32050 | Orc:1    | Paralysed by an orc sorcerer for 3 turns
 32738 | Orc:1    | Reached skill level 10 in Armour
 32922 | Orc:2    | Found Engo's General Store.
 32922 | Orc:2    | Found Uwetz's Jewellery Shoppe.
 32923 | Orc:2    | Found Woquevu's Magic Scroll Shoppe.
 33084 | Orc:2    | Found Jirelez's Armour Emporium.
 33091 | Orc:2    | Bought a scroll of identify for 32 gold pieces
 33091 | Orc:2    | Bought a potion of berserk rage for 80 gold pieces
 33091 | Orc:2    | Bought a scroll of teleportation for 48 gold pieces
 33093 | Orc:2    | Bought a +0 tower shield of reflection for 119 gold pieces
 33106 | Orc:2    | Bought a scroll of enchant weapon for 97 gold pieces
 33106 | Orc:2    | Bought a scroll of blinking for 97 gold pieces
 33106 | Orc:2    | Bought a scroll of holy word for 97 gold pieces
 33106 | Orc:2    | Bought a scroll of acquirement for 676 gold pieces
 33106 | Orc:2    | Bought a scroll of identify for 26 gold pieces
 33106 | Orc:2    | Bought a scroll of identify for 26 gold pieces
 33106 | Orc:2    | Bought a scroll of identify for 26 gold pieces
 33106 | Orc:2    | Bought a scroll of identify for 26 gold pieces
 33106 | Orc:2    | Bought a scroll of identify for 26 gold pieces
 33238 | Orc:2    | Paralysed by an orc sorcerer for 3 turns
 33244 | Orc:2    | Paralysed by an orc sorcerer for 7 turns
 33248 | Orc:2    | Killed from afar by an orc sorcerer

Illustrated notes

Levels and vault maps discovered:
D:1:      arrival_aquarium_a, layout_basic, chequers_arboretum
D:2:      layout_basic, hellmonk_ecumenical_altar_run_dry, uniq_terence,
          uniq_crazy_yiuf_cottage
D:3:      layout_basic, serial_forest, infiniplex_forest_straight_3,
          infiniplex_forest_side_room, infiniplex_forest_clump_tiny,
          infiniplex_forest_end_2, infiniplex_forest_straight_5,
          infiniplex_forest_clump_tiny, infiniplex_forest_clump_long,
          kennysheep_big_empty_room, uniq_jessica
D:4:      layout_rooms, lemuel_doored_altar, fedhas_altar_fruit_tree,
          lemuel_temple_firewalk_b, kennysheep_generic_room_14
D:5:      layout_cave_pools, elyvilon_altar_3, lemuel_coloured_pillars_altar,
          uniq_menkaure
D:6:      layout_basic, zin_statuary, minivault_27, grunt_tough_drop
D:7:      layout_loops_ring, kennysheep_mini, amcnicky_altar_gilded,
          serial_bayou_pond_c, uniq_prince_ribbit1
D:8:      layout_basic, nicolae_overflow_hidden_temple,
          yredelemnul_forgotten_temple_becter, lair_entry_dummy, uniq_maurice,
          uniq_pikel, uniq_maggie, uniq_grum
D:9:      layout_basic
D:10:     layout_basic, serial_rivers, chequers_serial_rivers_large_b,
          chequers_serial_rivers_small_b, chequers_serial_rivers_micro_a,
          chequers_serial_rivers_small_b, chequers_serial_rivers_micro_d,
          kennysheep_cross_bottleneck, uniq_harold, uniq_psyche
D:11:     layout_cave_pods, erik_orc_3
Lair:1:   layout_chaotic_city, lemuel_fruit_tree
Lair:2:   layout_cave_pods, nicolae_volcano_entry_s_turn,
          grunt_forest_small_clearing_treed, uniq_fannar, uniq_sonja
Lair:3:   nzn_winding_woodlands_medium [nzn_winding_woodlands_5x5_checkerboard,
          nzn_winding_woodlands_5x15_pathside_ponds,
          nzn_winding_woodlands_5x5_cross, nzn_winding_woodlands_5x5_default,
          nzn_winding_woodlands_center_garden, nzn_winding_woodlands_5x5_three,
          nzn_winding_woodlands_5x5_closed_star,
          nzn_winding_woodlands_5x15_parted,
          nzn_winding_woodlands_5x5_open_star], layout_hall_layers,
          minmay_shoals_entry_centaurs
Lair:4:   layout_gridlike, spider_nest_entry_a, lemuel_old_faithful
Lair:5:   layout_layer_cave, minmay_slime_entry_oklob_enclosed, basic_altar,
          cheibrodos_lair_lostbears, grunt_megastairs_4,
          infiniplex_staircase_pool_2, minmay_lair_oklob_chamber
Lair:6:   hangedman_lair_in_review, layout_long_grid
Orc:1:    cheibrodos_orc_guarddog, layout_diamond_mine, uniq_snorg
Orc:2:    st_orc_mages, layout_caves, serial_shops, nicolae_shop_stone

Skill      XL: |  1  2  3  4  5  6  7  8  9 10 11 12 13 14 |
---------------+-------------------------------------------+-----
Throwing       | 2 3 5 6 |  6.0
Dodging        | 3 4 5 6 7 8 9 10 | 10.5
Armour         | 1 2 3 4 5 6 7 9 10 | 10.0
Polearms       | 1 2 5 6 |  6.9
Fighting       | 3 4 5 6 7 8 9 10 11 | 11.2
Shields        | 1 2 3 4 5 6 7 8 9 |  9.9
Axes           | 1 2 3 5 6 8 9 10 | 10.2
Evocations     | 2 3 5 6 |  6.0
Staves         | |  2.7

Action                   |  1- 3 |  4- 6 |  7- 9 | 10-12 | 13-15 || total
-------------------------+-------+-------+-------+-------+-------++-------
Melee: Quarterstaff      |    72 |    17 |       |       |       ||    89
       Trident           |       |    69 |       |       |       ||    69
       War axe           |       |    70 |       |       |       ||    70
       Headbutt          |       |    18 |    62 |   170 |   274 ||   524
       Dagger            |       |    33 |   349 |   487 |       ||   869
       Demon trident     |       |       |       |   212 |  1084 ||  1296
 Fire: Hunting sling     |    14 |    13 |    27 |       |       ||    54
Throw: Throwing net      |       |     2 |     4 |     7 |       ||    13
       Dart              |       |       |    18 |    68 |    30 ||   116
       Javelin           |       |       |       |       |     1 ||     1
Evoke: Wand              |       |       |    10 |    24 |    54 ||    88
       Tin of tremorston |       |       |       |       |     1 ||     1
  Use: Scroll            |       |       |     6 |     5 |     9 ||    20
       Potion            |       |       |       |     5 |     4 ||     9
 Stab: Sleeping          |     1 |       |       |       |       ||     1
       Held in net/web   |       |     2 |       |     3 |       ||     5
       Paralysed         |       |       |    25 |     5 |     2 ||    32
       Distracted        |       |       |     1 |     3 |     9 ||    13
Armor: Leather armour    |    22 |       |       |       |       ||    22
       Scale mail        |     1 |   114 |   128 |   217 |   291 ||   751
Dodge: Dodged            |    36 |    74 |    80 |   252 |   379 ||   821
Block: Other             |     9 |     2 |       |       |       ||    11
       Buckler           |       |    26 |       |       |       ||    26
       Kite shield       |       |   105 |   295 |   707 |   949 ||  2056
       Tower shield      |       |       |       |       |    46 ||    46

Table legend: (Time is in decaauts)
 A = Elapsed time spent in this place.
 B = Non-inter-level travel time spent in this place.
 C = Inter-level travel time spent in this place.
 D = Time resting spent in this place.
 E = Time spent auto-exploring this place.
 F = Levels seen in this place.
 G = Mean time per level.
                   A        B        C        D        E       F      G
               +--------+--------+--------+--------+--------+-----+--------+
         Total |  33593 |  32428 |   1165 |   3297 |  23613 |  20 | 1679.7 |
       Dungeon |  15457 |  14727 |    730 |   1097 |  11304 |  11 | 1405.2 |
          Lair |  14186 |  13756 |    430 |   1309 |  10211 |   6 | 2364.3 |
  Orcish Mines |   1635 |   1631 |      4 |    246 |    794 |   2 |  817.5 |
       Volcano |   2313 |   2313 |      0 |    644 |   1303 |   1 | 2313.0 |
               +--------+--------+--------+--------+--------+-----+--------+

Top non-repeatable levels by time:
  Lair:5: 4686 daAuts
     D:7: 2993 daAuts
     D:8: 2873 daAuts
  Lair:3: 2370 daAuts
 Volcano: 2313 daAuts
  Lair:6: 2147 daAuts
  Lair:2: 2141 daAuts
  Lair:1: 2124 daAuts
     D:1: 1848 daAuts
     D:9: 1439 daAuts
     D:4: 1261 daAuts
     D:6: 1147 daAuts
     D:5: 970 daAuts
     D:3: 892 daAuts
     D:2: 883 daAuts
